 Dungeon Crawl Stone Soup version 0.29.0-13-gc9e81de378 (webtiles) character file.

Game seed: 12737106582221969949

7931 capka3m the Grappler (level 11, -5/151 HPs)
             Began as a Troll Monk on Sept 9, 2022.
             Killed from afar by an acid dragon (6 damage)
             ... with a splash of acid
             ... on level 9 of the Dungeon.
             The game lasted 00:20:27 (7951 turns).

capka3m the Grappler (Troll Monk)                   Turns: 7951, Time: 00:20:30

Health: -5/151     AC: 17    Str: 21    XL:     11   Next: 3%
Magic:  10/10      EV:  1    Int:  4    God:
Gold:   492        SH: 12    Dex: 14    Spells: 10/10 levels left

rFire   + . .      SeeInvis .     - Unarmed
rCold   + . .      Faith    .   F - +0 tower shield
rNeg    . . .      Spirit   .   (body armour currently unavailable)
rPois   +          Reflect  .   (helmet currently unavailable)
rElec   .          Harm     .   (cloak currently unavailable)
rCorr   .          Rampage  .   (gloves unavailable)
Will    .....      NoTele   +   (boots unavailable)
Stlth   ++........              (no amulet)
HPRegen 1.15/turn               q - ring of protection from fire
MPRegen 0.12/turn               I - ring of protection from cold

@: tree-form, corroded
A: stationary, stasis, torment immunity, boosted hp, large, unfitting armour,
(claws 3), regeneration 1, (shaggy fur 1), (tough skin 1), (iridescent scales
1), clumsy 1, dopey 1
a: no special abilities


You were on level 9 of the Dungeon.
You were a tree.
You visited 2 branches of the dungeon, and saw 10 of its levels.

You collected 492 gold pieces.

Inventory:

Hand Weapons
 m - the +10 sling of Pyromania {freeze, rElec}
   (You took it off Jessica on level 2 of the Dungeon)

   Any ammunition fired from it freezes those it strikes, dealing additional
   cold damage.
   It can also slow down cold-blooded creatures.
   rElec:     It insulates you from electricity.
Missiles
 n - a throwing net
 B - 3 large rocks
Armour
 a - a +0 robe (melded)
 F - a +0 tower shield (worn)
Jewellery
 q - a ring of protection from fire (left branch)
 y - a ring of fire
 I - a ring of protection from cold (right branch)
Wands
 t - a wand of charming (12)
 C - a wand of iceblast (23)
Scrolls
 c - 2 scrolls of magic mapping {unknown}
 e - 2 scrolls of enchant armour {unknown}
 g - 2 scrolls of noise {unknown}
 h - a scroll of immolation {unknown}
 i - a scroll of vulnerability {unknown}
 k - 9 scrolls of identify {unknown}
 p - 3 scrolls of teleportation {unknown}
 r - 2 scrolls of fear {unknown}
 v - 2 scrolls of blinking {unknown}
 w - a scroll of poison {unknown}
 E - a scroll of amnesia {unknown}
Potions
 b - 2 potions of ambrosia
 d - 2 potions of might {unknown}
 f - 2 potions of mutation
 j - 2 potions of haste
 l - 2 potions of lignification
 o - 2 potions of cancellation {unknown}
 s - 2 potions of heal wounds {unknown}
 u - 3 potions of attraction {unknown}
 x - a potion of experience {unknown}
 z - 2 potions of flight {unknown}
 A - 2 potions of degeneration {unknown}
 D - 2 potions of invisibility {unknown}
 G - a potion of curing {unknown}
 H - a potion of brilliance {unknown}
 J - a potion of berserk rage {unknown}


   Skills:
 + Level 4.7 Fighting
 + Level 7.6 Throwing
 + Level 4.7 Dodging
 - Level 1.0 Stealth
 + Level 3.0 Shields
 * Level 13.0 Unarmed Combat


You had 10 spell levels left.
You didn't know any spells.
Your spell library contained the following spells:

 Spells                   Type           Power      Damage    Failure   Level
 Foxfire                  Conj/Fire      0%         2x1d4     99%         1
 Magic Dart               Conj           0%         1d3       99%         1
 Searing Ray              Conj           0%         2d4       99%         2
 Conjure Flame            Conj/Fire      0%         6-21      100%        3
 Dazzling Flash           Conj/Hex       0%         N/A       100%        3
 Gell's Gravitas          Tloc           0%         N/A       100%        3
 Inner Flame              Hex/Fire       0%         N/A       100%        3
 Lesser Beckoning         Tloc           0%         N/A       100%        3
 Teleport Other           Tloc           0%         N/A       100%        3
 Animate Armour           Summ/Erth      0%         N/A       100%        4
 Flame Wave               Conj/Fire      0%         2d4       100%        4
 Fulminant Prism          Conj/Hex       0%         3d6       100%        4
 Iskenderun's Mystic Bla  Conj/Tloc      0%         2d3       100%        4
 Blade Hands              Tmut           0%         N/A       100%        5
 Summon Forest            Summ/Tloc      0%         N/A       100%        5
 Eringya's Noxious Bog    Tmut/Pois      0%         N/A       100%        6
 Iron Shot                Conj/Erth      0%         9d1       100%        6
 Starburst                Conj/Fire      0%         6d3       100%        6
 Summon Hydra             Summ           0%         N/A       100%        7


Dungeon Overview and Level Annotations

Branches:
Dungeon (9/15)             Temple (1/1) D:4             Orc (0/2) D:9
   Lair: D:8-11

Altars:
Ashenzari
Cheibriados
Dithmenos
Elyvilon
Fedhas
Gozag
Hepliaklqana
Kikubaaqudgha
Makhleb
Nemelex Xobeh
Okawaru
Qazlal
Ru
Sif Muna
Trog
Uskayaw
Vehumet
Wu Jian
Xom
Yredelemnul
Zin
The Shining One
Lugonu


Innate Abilities, Weirdness & Mutations

You are a tree.
Your roots penetrate the ground, keeping you stationary.
You cannot be teleported.
You are immune to unholy pain and torment.
Your maximum health is greatly increased.
Your equipment is partially melded.
You are too large for most types of armour.
((You have claws for hands.))
Your natural rate of healing is unusually fast.
((You are covered in fur. (AC +1)))
((You have tough skin. (AC +1)))
((You are partially covered in iridescent scales. (AC +2)))
You are clumsy. (Dex -2)
You are dopey. (Int -2)


Message History

You barely miss the acid dragon.
The acid dragon is almost dead.
The orc wizard hits you with a +0 dagger.
* * * LOW HITPOINT WARNING * * *
You block the acid dragon's attack. The acid dragon claws you.
* * * LOW HITPOINT WARNING * * *
The orc wizard closely misses you. The acid dragon barely misses you.
The acid dragon claws you.
* * * LOW HITPOINT WARNING * * *
You scratch the acid dragon but do no damage.
The acid dragon is almost dead.
The orc wizard points at you and mumbles some strange words.
You easily resist.
You block the acid dragon's attack. x2
You barely miss the acid dragon.
The acid dragon is almost dead.
The orc wizard points at you and mumbles some strange words.
You easily resist.
The acid dragon bites you!
* * * LOW HITPOINT WARNING * * *
You block the acid dragon's attack.
You scratch the acid dragon but do no damage.
The acid dragon is almost dead.
The orc wizard barely misses you. The acid dragon bites you!
* * * LOW HITPOINT WARNING * * *
The acid dragon claws you.
* * * LOW HITPOINT WARNING * * *
It was a potion of mutation.
You feel extremely strange.
You feel stupid.
You feel clumsy.
Iridescent scales grow over part of your body.
You block the acid dragon's attack. The acid dragon claws you.
* * * LOW HITPOINT WARNING * * *
The orc wizard points at you and mumbles some strange words.
The magic dart hits you.
* * * LOW HITPOINT WARNING * * *
It was a potion of lignification.
You turn into a tree.
Your +0 robe melds into your body.
Your roots penetrate the ground.
The orc wizard hits you with a +0 dagger.
* * * LOW HITPOINT WARNING * * *
The acid dragon spits acid at you. The splash of acid hits you.
You die...

#.# #.# #####.##
#.# #### #....)##
##.# #.. #.#..)..
#..###.####.#.###.
##.....o.......#
#.
#..............#
#.
#.o##.....###..#
#. #.♣##.###.#
#..# #.
.......#D..#
#.....<# ##
###...###..#
#.###.## # #..#
##...... ..# #
...# ##....# ..#
.##. ........# #
##..#. .... .##


You could see an acid dragon (catching breath) and an orc wizard.

Vanquished Creatures
  A two-headed ogre (D:6)
  2 ugly things (D:8)
  Maggie (D:8)
  A large abomination (D:8)
  4 small abominations (D:8)
  A vampire (D:9)
  A wyvern (D:9)
  A shadow (D:9)
  10 yaks
  A warg (D:9)
  Edmund (D:4)
  A water moccasin (D:6)
  An acid dragon (D:9)
  An orc warrior (D:7)
  2 sky beasts (D:6)
  A black bear (D:4)
  4 ogres
  2 centaurs
  A phantom (D:4)
  2 scorpions
  4 bullfrogs
  2 necrophages
  14 wights
  4 killer bees (D:8)
  3 howler monkeys (D:9)
  A jelly (D:5)
  5 hounds
  7 orc priests
  Jessica (D:2)
  5 iguanas
  7 orc wizards
  8 adders
  3 shadow imps
  A white imp (D:8)
  2 worms (D:2)
  3 dart slugs
  20 orcs
  8 ball pythons
  8 endoplasms
  4 giant cockroaches
  11 goblins
  5 hobgoblins
  11 jackals
  7 kobolds
  2 quokkas
  5 bats
  5 frilled lizards
  6 rats
201 creatures vanquished.

Notes
Turn   | Place    | Note
-------+----------+-------------------------------------------
     0 | D:1      | capka3m the Troll Monk began the quest for the Orb.
     0 | D:1      | Reached XP level 1. HP: 22/22 MP: 0/0
   102 | D:1      | Reached XP level 2. HP: 29/29 MP: 1/1
   357 | D:1      | Reached skill level 4 in Unarmed Combat
   711 | D:2      | Reached XP level 3. HP: 36/36 MP: 2/2
   856 | D:2      | Found a blossoming altar of Fedhas.
   887 | D:2      | Noticed Jessica
   892 | D:2      | Identified the +10 sling of Pyromania {freeze, rElec}
   897 | D:2      | Killed Jessica
   918 | D:2      | Reached XP level 4. HP: 44/44 MP: 3/3
  1006 | D:2      | Reached skill level 5 in Unarmed Combat
  1546 | D:3      | Found a hazy altar of Hepliaklqana.
  1625 | D:3      | You fall into a shaft and drop 1 floor!
  2094 | D:4      | Reached XP level 5. HP: 50/50 MP: 4/4
  2115 | D:4      | Reached skill level 1 in Throwing
  2201 | D:4      | Noticed Edmund
  2203 | D:4      | Noticed a black bear
  2203 | D:4      | Noticed a phantom
  2209 | D:4      | Killed a phantom
  2210 | D:4      | Reached skill level 6 in Unarmed Combat
  2214 | D:4      | Killed a black bear
  2215 | D:4      | Reached XP level 6. HP: 33/59 MP: 5/5
  2217 | D:4      | Killed Edmund
  2218 | D:4      | Reached skill level 7 in Unarmed Combat
  2416 | D:4      | Found a staircase to the Ecumenical Temple.
  2425 | Temple   | Entered the Ecumenical Temple
  2588 | D:4      | Reached XP level 7. HP: 65/66 MP: 6/6
  2617 | D:4      | Found an ancient bone altar of Kikubaaqudgha.
  2930 | D:4      | Found a burning altar of Makhleb.
  2930 | D:4      | Found a sacrificial altar of Ru.
  2960 | D:5      | Entered Level 5 of the Dungeon
  3036 | D:5      | Reached skill level 8 in Unarmed Combat
  3152 | D:5      | Reached XP level 8. HP: 74/74 MP: 7/7
  3249 | D:5      | Reached skill level 9 in Unarmed Combat
  3875 | D:5      | Found a glowing golden altar of the Shining One.
  4092 | D:6      | Reached skill level 5 in Throwing
  4213 | D:6      | Reached skill level 10 in Unarmed Combat
  4349 | D:6      | Found a shimmering blue altar of Sif Muna.
  4377 | D:6      | Noticed a two-headed ogre
  4388 | D:6      | Killed a two-headed ogre
  4389 | D:6      | Reached XP level 9. HP: 76/80 MP: 8/8
  4460 | D:6      | Reached skill level 11 in Unarmed Combat
  5629 | D:8      | Reached XP level 10. HP: 64/91 MP: 9/9
  5909 | D:8      | Noticed Maggie
  5923 | D:8      | Killed Maggie
  5924 | D:8      | Reached skill level 12 in Unarmed Combat
  6074 | D:8      | Found a transporter.
  6077 | D:8      | Found a corrupted altar of Lugonu.
  6077 | D:8      | Noticed a green ugly thing
  6132 | D:8      | Reached skill level 1 in Shields
  6270 | D:8      | Found a glowing silver altar of Zin.
  6484 | D:8      | Found a transporter.
  6489 | D:8      | Noticed a red ugly thing
  6724 | D:8      | HP: 4/92 [red ugly thing (6)]
  6725 | D:8      | Killed a red ugly thing
  7137 | D:8      | Killed a red ugly thing
  7499 | D:9      | Found a staircase to the Orcish Mines.
  7662 | D:9      | Reached XP level 11. HP: 89/101 MP: 10/10
  7740 | D:9      | Reached skill level 13 in Unarmed Combat
  7950 | D:9      | Gained mutation: You are dopey. (Int -2) [potion of
                  | mutation]
  7950 | D:9      | Gained mutation: You are clumsy. (Dex -2) [potion of
                  | mutation]
  7950 | D:9      | Gained mutation: You are partially covered in iridescent
                  | scales. (AC +2) [potion of mutation]
  7950 | D:9      | HP: 1/101 [orc wizard/magic dart (5)]
  7951 | D:9      | Killed from afar by an acid dragon

Illustrated notes

Levels and vault maps discovered:
D:1:      minmay_arrival_four_circles, layout_basic, minmay_misc_feat_rugged,
          roderic_filled_cross
D:2:      minmay_angry_zag, layout_basic, basic_altar, uniq_jessica
D:3:      wad_pebble_path, layout_basic, lemuel_round_altar
D:4:      layout_loops_ring, lemuel_doored_altar,
          gammafunk_temple_overflow_pools, minmay_temple_entry_wispy,
          uniq_edmund
D:5:      layout_cave_pools, nicolae_tso_swordbearing_angel,
          serial_co_window_serial, co_window_of_opportunity_a,
          co_window_of_opportunity_a, co_window_paths_a, co_window_paths_a,
          co_window_corner_a, co_window_cross_2, co_window_cross_4,
          co_window_corner_ca, co_window_broadway_b, co_window_broadway_a,
          co_window_paths_e, co_window_paths_d, glass_columns_b,
          glass_columns_b, glass_columns_b, glass_columns_b, serial_bayou_pond_e
D:6:      layout_rooms, lemuel_blue_sif_altar, minivault_27
D:7:      layout_loops_corners, kennysheep_small_square
D:8:      gammafunk_corrupted_shrine, layout_loops_ring, zin_academy,
          uniq_maggie
D:9:      layout_loops_ring, david_orc_3, gammafunk_ghost_hive
Temple:   nicolae_temple_superstar

Skill      XL: |  1  2  3  4  5  6  7  8  9 10 11 |
---------------+----------------------------------+-----
Unarmed Combat | 4 5 6 7 8 10 11 12 13 | 13.0
Throwing       | 2 4 5 6 7 |  7.6
Dodging        | 3 4 |  4.7
Fighting       | 3 4 |  4.7
Shields        | 3 |  3.0
Stealth        | |  1.0

Action                   |  1- 3 |  4- 6 |  7- 9 | 10-12 || total
-------------------------+-------+-------+-------+-------++-------
Melee: Unarmed           |    65 |     1 |    76 |   197 ||   339
       Punch             |       |       |     3 |       ||     3
 Fire: Sling             |     1 |    90 |   151 |    47 ||   289
  Use: Potion            |       |       |       |     2 ||     2
 Stab: Sleeping          |     4 |       |       |       ||     4
Armor: Robe              |    15 |    20 |    25 |    17 ||    77
Dodge: Dodged            |    19 |    28 |    56 |    42 ||   145
Block: Tower shield      |       |       |       |   115 ||   115
